 Dungeon Crawl Stone Soup version 0.24.0-1-gfbc8707122 (webtiles) character file.

Game seed: 15843199359242144023, levelgen mode: deterministic

2783 inmateoo the Martial Artist (level 9, -5/58 HPs)
             Began as an Octopode Transmuter on Oct 27, 2019.
             Slain by a killer bee (10 damage)
             ... on level 7 of the Dungeon on Oct 28, 2019.
             The game lasted 00:14:03 (8633 turns).

inmateoo the Martial Artist (Octopode Transmuter)   Turns: 8633, Time: 00:14:04

Health: -5/58      AC:  3    Str:  9    XL:     9   Next: 70%
Magic:  16/16      EV: 15    Int: 22    God:
Gold:   334        SH:  0    Dex: 12    Spells: 7/17 levels left

rFire    . . .     SeeInvis .     - Unarmed
rCold    . . .     Gourm    .   (no shield)
rNeg     . . .     Faith    .   e - +2 hat
rPois    .         Spirit   .   f - amulet of rage
rElec    .         Reflect  .   o - +3 ring of intelligence
rCorr    .         Harm     .   (no ring)
MR       .....                  (no ring)
Stlth    ++++......             (no ring)
HPRegen  0.19/turn              (no ring)
MPRegen  0.15/turn              (no ring)
                                (no ring)
                                (no ring)

@: lethally poisoned (-5 -> -8), about to teleport, slowed, very slow
A: almost no armour, stealthy swim, amphibious, 8 rings, constrict 8, camouflage
1, gelatinous body 1
a: Evoke Berserk Rage


You were on level 7 of the Dungeon.
You were not hungry.

You visited 1 branch of the dungeon, and saw 9 of its levels.
You also visited: Sewer.

You collected 334 gold pieces.

Inventory:

Hand Weapons
 q - the +3 flail "Jiennoar" {freeze, +Fly MR+ Int+3}
   (You found it on level 5 of the Dungeon)

   It has been specially enchanted to freeze those struck by it, causing extra
   injury to most foes and up to half again as much damage against particularly
   susceptible opponents.
   It can also slow down cold-blooded creatures.
   It affects your intelligence (+3).
   It affects your resistance to hostile enchantments.
   It lets you fly.
Missiles
 a - 29 arrows
 d - 360 stones (quivered)
 m - 6 javelins
Armour
 e - a +2 hat (worn)
 A - a +0 buckler
Jewellery
 b - an uncursed amulet of magic regeneration
 f - an amulet of rage (around mantle)
 o - a +3 ring of intelligence (left tentacle)
 t - a +3 amulet of reflection {unknown}
 u - an uncursed ring of ice
Scrolls
 g - 2 scrolls of amnesia
 j - 4 scrolls of teleportation
 l - 3 scrolls of fear
 s - a scroll of fog
 x - a scroll of enchant weapon {unknown}
 y - a scroll of immolation {unknown}
 B - a scroll of holy word {unknown}
Potions
 h - a potion of invisibility
 i - 2 potions of agility {unknown}
 k - 2 potions of haste
 n - 3 potions of curing
 p - 6 potions of heal wounds
 r - 2 potions of berserk rage {unknown}
 v - a potion of lignification {unknown}
 w - a potion of resistance
 z - 2 potions of might {unknown}
Comestibles
 c - 14 rations


   Skills:
 - Level 4.0 Fighting
 - Level 5.1 Dodging
 - Level 5.0 Stealth
 - Level 8.0 Unarmed Combat
 + Level 4.9 Spellcasting
 - Level 5.0 Transmutations
 - Level 4.0 Evocations


You had 7 spell levels left.
You knew the following spells:

 Your Spells              Type           Power        Failure   Level  Hunger
a - Beastly Appendage     Tmut           ####..       1%          1    None
b - Sticks to Snakes      Tmut           ####....     1%          2    None
c - Spider Form           Tmut/Pois      ###.......   11%         3    ##.....
d - Ice Form              Ice/Tmut       ###.....     36%         4    ####...

Your spell library contained the following spells:

 Spells                   Type           Power        Failure   Level  Hunger
 Corona                   Hex            #......      11%         1    None
 Ensorcelled Hibernation  Hex/Ice        #.....       16%         2    None
 Confuse                  Hex            #.......     30%         3    ##.....
 Dazzling Spray           Conj/Hex       #.....       30%         3    ##.....
 Tukima's Dance           Hex            #.......     30%         3    ##.....
 Blade Hands              Tmut           ####......   34%         5    #####..


Dungeon Overview and Level Annotations

Branches:
Dungeon (9/15)               Lair (0/6) D:8           Sewer (visited)
 Temple: D:4-7          Orc: D:9-12

Altars:
Cheibriados
Dithmenos
Fedhas
Uskayaw
Xom


Innate Abilities, Weirdness & Mutations

You cannot wear most types of armour.
You are very stealthy in the water. (Stealth+)
You are amphibious.
You can wear up to eight rings at the same time.
You can use your tentacles to constrict eight enemies at once.
Your skin changes colour to match your surroundings (Stealth+).
Your rubbery body absorbs attacks. (AC +1, EV +1)


Message History

The killer bee stings you but does no damage.
The killer bee misses you. The killer bee barely misses you. x2
The killer bee closely misses you.
The orc warrior hits you with a +2 short sword of freezing!
The orc warrior freezes you.
Unknown command.
Unknown command.
The killer bee closely misses you. The killer bee stings you!
* * * LOW HITPOINT WARNING * * *
You are poisoned.
The killer bee poisons you! The killer bee stings you.
* * * LOW HITPOINT WARNING * * *
The killer bee closely misses you.
Unknown command.
Unknown command.
You feel sick. The killer bee completely misses you. The killer bee stings you.
* * * LOW HITPOINT WARNING * * *
The killer bee closely misses you. The killer bee barely misses you.
The killer bee closely misses you. The killer bee stings you!
You die...

................###########
######..>...................
...........y.#.#####.######
######+#........[....#
..........#.#o####..#
............o.o..#..#
.........##.#.#o.#..#
........###.#.#yy#.o#
........# #.#.#@y#..#
.....##.# #.#.#..#..#######
..... #.# #.#.#..#.........
... #. #.#.##.#...######
#.#.# .#...# ##...# . .....
.#.# ######.#### .#.#
#.......$..


You could see an orc warrior, 3 killer bees and an orc.

Vanquished Creatures
  Grinder (D:5)
  2 hippogriffs
  Eustachio (D:6)
  Duvessa (D:7)
  An ice beast (D:5)
  An orc warrior (D:7)
  A sky beast (D:5)
  A black bear (D:6)
  2 ogres
  2 centaurs
  2 bullfrogs
  2 scorpions
  Dowan (D:7)
  4 killer bees
  A water moccasin skeleton (D:6)
  A howler monkey (D:6)
  A crimson imp (D:5)
  A quasit (D:9)
  A bullfrog zombie (D:6)
  3 centaur skeletons (D:6)
  3 hounds (D:6)
  3 orc priests
  An iguana (D:5)
  2 orc wizards (D:6)
  3 worker ants
  A hound zombie (D:6)
  3 hound skeletons (D:4)
  2 worker ant zombies (D:5)
  5 gnolls
  2 river rats (D:3)
  7 adders
  A shadow imp (D:6)
  3 oozes
  2 worms
  A dart slug (D:1)
  7 leopard geckos
  6 orcs
  5 bats
  3 giant cockroaches (D:3)
  4 goblins
  2 hobgoblins
  7 jackals (Sewer)
  11 kobolds
  4 quokkas
  5 ball pythons
  8 frilled lizards
  A leopard gecko skeleton (D:4)
  4 rats
  3 plants (Sewer)
139 creatures vanquished.

Vanquished Creatures (collateral kills)
  A gnoll (D:2)
  An adder (D:3)
2 creatures vanquished.

Grand Total: 141 creatures vanquished

Notes
Turn   | Place    | Note
-------+----------+-------------------------------------------
     0 | D:1      | inmateoo the Octopode Transmuter began the quest for the
                  | Orb.
     0 | D:1      | Reached XP level 1. HP: 13/13 MP: 3/3
   177 | D:1      | Reached skill level 1 in Stealth
   177 | D:1      | Reached XP level 2. HP: 5/18 MP: 5/5
   510 | D:1      | Learned a level 2 spell: Sticks to Snakes
   705 | D:1      | Reached XP level 3. HP: 19/23 MP: 3/6
   984 | D:2      | Reached skill level 4 in Unarmed Combat
  1245 | D:2      | Found a blossoming altar of Fedhas.
  1394 | D:2      | Reached XP level 4. HP: 28/28 MP: 7/7
  1935 | D:3      | Found a faded altar of an unknown god.
  2016 | D:3      | Found a glowing drain.
  2240 | Sewer    | Entered a sewer
  2340 | Sewer    | Reached XP level 5. HP: 29/33 MP: 5/8
  2469 | Sewer    | Reached skill level 1 in Evocations
  3041 | D:3      | Reached skill level 5 in Unarmed Combat
  3055 | D:3      | Learned a level 3 spell: Spider Form
  3409 | D:4      | Found a snail-covered altar of Cheibriados.
  3674 | D:4      | Reached XP level 6. HP: 38/38 MP: 9/9
  4243 | D:4      | Reached skill level 6 in Unarmed Combat
  4264 | D:4      | Reached skill level 5 in Stealth
  4264 | D:4      | Reached XP level 7. HP: 40/43 MP: 10/10
  4563 | D:5      | Entered Level 5 of the Dungeon
  4571 | D:4      | Learned a level 4 spell: Ice Form
  5143 | D:5      | Got a polished flail
  5148 | D:5      | Identified the +3 flail "Jiennoar" {freeze, +Fly MR+ Int+3}
                  | (You found it on level 5 of the Dungeon)
  5421 | D:5      | Found a hide-covered altar of Uskayaw.
  5497 | D:5      | Noticed Grinder
  5573 | D:5      | Killed Grinder
  5573 | D:5      | Reached XP level 8. HP: 48/48 MP: 2/11
  5895 | D:5      | Reached skill level 7 in Unarmed Combat
  6300 | D:6      | Reached skill level 8 in Unarmed Combat
  6514 | D:6      | Found a shimmering altar of Xom.
  6573 | D:6      | Found a shadowy altar of Dithmenos.
  6597 | D:6      | Reached XP level 9. HP: 47/53 MP: 12/12
  6666 | D:6      | You fall into a shaft and drop 2 floors!
  6666 | D:8      | Found a staircase to the Lair.
  6856 | D:9      | Reached skill level 5 in Transmutations
  6867 | D:7      | Noticed Dowan
  6868 | D:7      | Noticed Duvessa
  6872 | D:7      | Reached skill level 5 in Dodging
  6888 | D:7      | Killed Dowan
  6981 | D:6      | Noticed Eustachio
  6990 | D:6      | Killed Eustachio
  7699 | D:7      | Killed Duvessa
  8633 | D:7      | Slain by a killer bee

Levels and vault maps discovered:
D:1:      saegor_arrival_miasma, layout_rooms
D:2:      layout_loops_ring, serial_forest, infiniplex_forest_lined_1,
          infiniplex_forest_lined_3, infiniplex_forest_lined_2,
          infiniplex_forest_clump_long, infiniplex_forest_lined_room_3,
          infiniplex_forest_end_double, infiniplex_forest_clump_small,
          infiniplex_forest_clump_medium, infiniplex_forest_fountain,
          fedhas_altar_1
D:3:      minmay_skewed_foursquare, layout_rooms,
          chequers_ecumenical_altar_simple, first_ration, portal_sewer_entry_c
D:4:      layout_loops_ring, lemuel_crystal_altar
D:5:      layout_rooms, eat_drink_and_be_merry_uskayaw, uniq_grinder
D:6:      layout_rooms, kennysheep_mini_moat, nicolae_dithmenos_shadow_blocks,
          uniq_eustachio
D:7:      layout_basic, lemuel_coloured_pillars_altar, minitemple, temple_green,
          grunt_ogre_cave, uniq_duvessa
D:8:      layout_basic, marbit_many_paths, erik_lair_orcish_takeover,
          serial_shops, nicolae_shop_temple_entry_statues_fountains
D:9:      layout_small_grid, nicolae_looking_at_the_future, uniq_grum

Skill      XL: |  1  2  3  4  5  6  7  8  9 |
---------------+----------------------------+-----
Stealth        | 1 2 3 4 5 |  5.0
Unarmed Combat | 4 5 6 8 |  8.0
Evocations     | 2 3 4 |  4.0
Dodging        | 3 4 5 |  5.1
Transmutations | 3 4 5 |  5.0
Fighting       | 4 |  4.0
Spellcasting   | 4 |  4.9

Action                   |  1- 3 |  4- 6 |  7- 9 || total
-------------------------+-------+-------+-------++-------
Melee: Unarmed           |    55 |   207 |   229 ||   491
       Constrict         |    13 |    32 |    13 ||    58
       Kick              |     3 |     8 |     6 ||    17
       Tentacles         |     8 |    36 |    18 ||    62
       Punch             |     1 |     8 |     5 ||    14
Throw: Stone             |       |       |     2 ||     2
 Cast: Beastly Appendage |     7 |     8 |     1 ||    16
       Sticks to Snakes  |     3 |     3 |    10 ||    16
       Spider Form       |       |     5 |    11 ||    16
       Ice Form          |       |       |     6 ||     6
 Abil: End Transformatio |       |     1 |       ||     1
  Use: Scroll            |     4 |     5 |     8 ||    17
       Potion            |       |     2 |     4 ||     6
 Stab: Sleeping          |     5 |     6 |     4 ||    15
       Distracted        |       |     3 |     2 ||     5
  Eat: Chunk             |     2 |    10 |    10 ||    22
       Ration            |       |       |     2 ||     2
Armor: Skin              |     7 |    13 |    34 ||    54
Dodge: Dodged            |    47 |    82 |   171 ||   300
